 Dungeon Crawl Stone Soup version 0.31-a0-152-g6aa68a64a1 (webtiles) character file.

Game seed: 10820566679016689951

87539 qw the Marksnaga (level 15, -6/144 HPs)
             Began as a Naga Hunter on June 10, 2023.
             Was an Elder of Okawaru.
             Mangled by a skeletal warrior
             ... wielding a +0 glaive
             ... summoned by a boggart
              (12 damage)
             ... on level 15 of the Dungeon.
             The game lasted 00:10:09 (17742 turns).

qw the Marksnaga (Naga Hunter)                     Turns: 17742, Time: 00:10:09

Health: -6/144     AC: 29    Str: 11    XL:     15   Next: 90%
Magic:  21/22      EV: 21    Int: 11    God:    Okawaru [****..]
Gold:   1955       SH:  0    Dex: 21    Spells: 14/14 levels left

rFire   . . .        k - +0 longbow
rCold   x x .        (shield currently unavailable)
rNeg    . . .        f - +0 troll leather armour {Pargi}
rPois   +            c - +2 helmet
rElec   +            o - +1 cloak
rCorr   .            m - -1 pair of gloves "Peuqe" {+Inv Regen+ Str-3}
SInv    +            i - +4 barding {Stlth+}
Will    ++...        b - amulet of regeneration
Stlth   ++++         v - ring of Wamerio {rC- Will+ EV+5 Slay+2}
HPRegen 2.84/turn    u - ring of Duagor {rElec rPois rC- AC+4 Int+3}
MPRegen 0.18/turn

%: no passive effects
@: about to teleport, heroic, very slow
A: AC +5, large, see invisible, deformed body, poison resistance, slowness 2,
spit poison 1, naga tail 2, stinger 1, dopey 1
a: Spit Poison, Renounce Religion, Evoke Invisibility, Heroism, Finesse


You were on level 15 of the Dungeon.
You worshipped Okawaru.
Okawaru was greatly pleased with you.
You visited 3 branches of the dungeon, and saw 21 of its levels.
You also visited: Sewer.

You collected 2081 gold pieces.
You spent 126 gold pieces at shops.


Innate Abilities, Weirdness & Mutations

Your serpentine skin is tough. (AC +5)
You have supernaturally acute eyesight. (SInv)
Armour fits poorly on your strangely shaped body.
Your system is resistant to poisons. (rPois)
You cover ground very slowly.
You can spit poison.
You can use your snake-like lower body to constrict enemies.
Your tail ends in a venomous barb.
You are dopey. (Int -2)


   Skills:
 - Level 12.0(17.0) Fighting
 - Level 19.0(24.0) Ranged Weapons
 + Level 6.7(11.7) Armour
 - Level 8.0(13.0) Dodging
 - Level 1.5(6.5) Stealth
 - Level 10.0 Invocations


You had 14 spell levels left.
You didn't know any spells.
Your spell library was empty.

Inventory:

Hand Weapons
 k - a +0 longbow (weapon)
Armour
 c - a +2 helmet (worn)
 f - a +0 troll leather armour (worn) {Pargi}
 g - a +2 ring mail of fire resistance
 i - a +4 barding of stealth (worn)
 m - the -1 pair of gloves "Peuqe" (worn) {+Inv Regen+ Str-3}
   (Okawaru gifted it to you on level 12 of the Dungeon)

   Str:       It affects your strength (-3).
   +Inv:      It lets you turn invisible.
   Regen:     It increases your rate of health regeneration.
 o - a +1 cloak (worn)
Jewellery
 b - an amulet of regeneration (around neck)
 h - a ring of protection from cold
 p - a ring of protection from fire
 u - the ring of Duagor (right hand) {rElec rPois rC- AC+4 Int+3}
   (You took it off a deep elf pyromancer on level 10 of the Dungeon)

   [ring of protection]

   AC:        It affects your AC (+4).
   Int:       It affects your intelligence (+3).
   rC:        It makes you vulnerable to cold.
   rElec:     It insulates you from electricity.
   rPois:     It protects you from poison.
 v - the ring of Wamerio (left hand) {rC- Will+ EV+5 Slay+2}
   (You took it off a deep elf pyromancer on level 10 of the Dungeon)

   [ring of evasion]

   EV:        It affects your evasion (+5).
   Slay:      It affects your accuracy & damage with ranged weapons and melee
   (+2).
   rC:        It makes you vulnerable to cold.
   Will:      It increases your willpower.
Scrolls
 e - a scroll of vulnerability {unknown}
 n - 9 scrolls of teleportation
 r - 8 scrolls of identify
Potions
 a - 2 potions of haste
 d - 14 potions of curing
 j - 3 potions of might
 t - a potion of resistance

Dungeon Overview and Level Annotations

Branches:
Dungeon (15/15)            Temple (1/1) D:6            Lair (5/5) D:9
  Swamp (0/4) Lair:2       Spider (0/4) Lair:3        Slime (0/5) Lair:4
    Orc (0/2) D:9          Vaults (0/5) D:14         Depths (0/4) D:15
  Sewer (visited)

Altars:
Ashenzari
Cheibriados
Dithmenos
Elyvilon
Fedhas
Gozag
Hepliaklqana
Kikubaaqudgha
Makhleb
Nemelex Xobeh
Okawaru
Qazlal
Ru
Sif Muna
Trog
Uskayaw
Vehumet
Wu Jian
Xom
Yredelemnul
Zin
The Shining One
Jiyva

Shops:
D:5 !

Portals:
Abyss: Lair:4

Annotations:
D:4 1 runed translucent door, qw's ghost, amateur GrHu
D:9 exclusion: centaur warrior
Lair:4 2 transporters, qw's ghost, journeyman MiHu


Message History

The skeletal warrior hits you but does no damage.
The skeletal warrior hits you from afar with a +0 glaive.
The skeletal warrior barely misses you.
The skeletal warrior completely misses you.
You shoot an arrow.
The arrow barely misses the skeletal warrior.
The centaur warrior simulacrum hits you but does no damage.
The centaur warrior simulacrum kicks you.
The centaur warrior simulacrum freezes you!!
You feel a terrible chill!
The boggart hits you but does no damage.
The red ugly thing barely misses you. The skeletal warrior barely misses you.
The red ugly thing closely misses you.
The skeletal warrior closely misses you.
The skeletal warrior hits you from afar with a +0 trident.
The skeletal warrior closely misses you. x2
17740 ||| READING 10 scrolls of teleportation.
As you read the scroll of teleportation, it crumbles to dust.
You feel strangely unstable.
The centaur warrior simulacrum misses you.
The centaur warrior simulacrum kicks you but does no damage.
The boggart hits you but does no damage.
The red ugly thing misses you.
The skeletal warrior closely misses you.
The red ugly thing pecks you.
You are engulfed in flames!!
The skeletal warrior hits you from afar with a +0 glaive!
The skeletal warrior hits you but does no damage. x2
The skeletal warrior closely misses you.
You shoot an arrow.
The arrow barely misses the skeletal warrior.
The boggart completely misses you.
You shoot an arrow.
The arrow hits the skeletal warrior but does no damage.
The skeletal warrior is moderately damaged.
The red ugly thing basks in the mutagenic energy from its kin and changes!
The skeletal warrior misses you.
The skeletal warrior completely misses you.
The red ugly thing barely misses you.
The skeletal warrior hits you from afar with a +0 glaive!
You die...

##### .## #.#.#.#.. ...
........# .....
.#.#.#.##.##########.....
........#................
.#e#.#.##.#.............
.0.gEo.B..#...zug.......
.#E#c#.#..#....uzu..#
..oY¤¤¤zo.#..uZg@z..#
.#E#.#.#..#....uz...#
..oH...o......¤z¤...#######
.#.#0#.#.##...~~¤...'......
...0.....##...¤¤....#######
.#B#k#.#.##.........#
zu.......#####...####
z#.#.#.# # ###.########
W...... #......(.##


You could see 5 ugly things, 5 skeletal warriors, 2 boggarts and a centaur
warrior simulacrum (summoned).

Vanquished Creatures
  Jorgrun (D:12)
  Gastronok (D:12)
  A dire elephant (D:15)
  4 vault guards (D:14)
  6 hydras
  2 ogre magi
  8 centaur warriors
  5 two-headed ogres
  A catoblepas (D:15)
  4 boulder beetles
  10 death yaks
  2 skysharks (Lair:4)
  Lodul (D:14)
  A goliath frog (Lair:5)
  Pikel (D:7)
  7 deep elf pyromancers
  10 ugly things
  4 manticores
  A wolf spider (D:15)
  A shining eye (shapeshifter) (D:10)
  5 cyclopes
  5 elephants (Lair:5)
  6 black mambas
  A torpor snail (Lair:3)
  28 cane toads
  4 gargoyles
  2 kobold demonologists
  An unseen horror (D:10)
  2 efreet
  6 komodo dragons
  A yaktaur (D:15)
  Psyche (D:12)
  A rime drake (Lair:1)
  4 tengu conjurers
  A yaktaur (shapeshifter) (D:10)
  6 trolls
  5 polar bears
  3 tyrant leeches (Lair:5)
  A hornet (D:10)
  A wolf spider simulacrum (D:15)
  Grinder (D:4)
  4 slime creatures
  25 blink frogs
  3 culicivoras (Lair:3)
  8 wyverns
  A vampire (D:14)
  4 wraiths
  29 yaks
  A water elemental (D:11)
  2 shadows
  11 basilisks
  A human (D:9)
  3 steam dragons
  11 vampire mosquitoes
  Menkaure (D:5)
  A warg (D:9)
  2 acid dragons
  Duvessa (D:5)
  11 water moccasins
  Pargi (Sewer)
  6 orc warriors
  A sky beast (D:8)
  A black bear (Lair:3)
  3 boggarts (D:15)
  13 centaurs
  22 wolves
  9 ogres
  A lemure (D:7)
  A phantom (D:5)
  4 kobold brigands
  Blork the orc (D:5)
  17 bullfrogs
  3 scorpions
  17 wights
  Dowan (D:5)
  4 killer bees (D:9)
  3 howler monkeys (D:12)
  6 electric eels
  8 orc priests
  3 hounds
  3 jellies
  7 iguanas
  14 orc wizards
  7 adders
  3 gnolls (D:4)
  A shadow imp (D:7)
  A white imp (D:7)
  A howler monkey simulacrum (D:11)
  3 ufetubi
  2 worms
  2 dart slugs
  40 orcs
  6 bats
  7 endoplasms
  5 giant cockroaches
  8 goblins
  8 hobgoblins
  5 jackals
  5 quokkas
  10 ball pythons
  2 frilled lizards (D:1)
  15 kobolds
  6 rats
561 creatures vanquished.

Vanquished Creatures (others)
  A kobold zombie (D:10)
1 creature vanquished.

Grand Total: 562 creatures vanquished

Notes
Turn   | Place    | Note
-------+----------+-------------------------------------------
     0 | D:1      | qw the Naga Hunter began the quest for the Orb.
     0 | D:1      | Reached XP level 1. HP: 19/19 MP: 1/1
     0 | D:1      | 0 ||| qw: Version: 0.2-a-29-g767f381
     0 | D:1      | 0 ||| qw: Game counter: 3917
     0 | D:1      | 0 ||| qw: Always use a shield: true
     0 | D:1      | 0 ||| qw: God list: Okawaru
     0 | D:1      | 0 ||| qw: Allow faded altars: false
     0 | D:1      | 0 ||| qw: Do Orc after D:15 true
     0 | D:1      | 0 ||| qw: Do second Lair branch before Depths: true
     0 | D:1      | 0 ||| qw: Lair rune preference: random
     0 | D:1      | 0 ||| qw: Plans: Normal
     0 | D:1      | 0 ||| PLANNING D:1-11
    17 | D:1      | 17 ||| INVOKING Spit Poison.
    27 | D:1      | 27 ||| INVOKING Spit Poison.
    95 | D:1      | 95 ||| INVOKING Spit Poison.
   153 | D:1      | 153 ||| INVOKING Spit Poison.
   332 | D:1      | 332 ||| INVOKING Spit Poison.
   333 | D:1      | Reached skill level 4 in Ranged Weapons
   333 | D:1      | Reached XP level 2. HP: 26/26 MP: 2/2
   351 | D:1      | 351 ||| INVOKING Spit Poison.
   356 | D:1      | 356 ||| INVOKING Spit Poison.
   374 | D:1      | 374 ||| INVOKING Spit Poison.
   393 | D:1      | 393 ||| UPGRADING to +1 pair of gloves.
   402 | D:1      | 402 ||| INVOKING Spit Poison.
   406 | D:1      | 406 ||| INVOKING Spit Poison.
   410 | D:1      | 410 ||| INVOKING Spit Poison.
   420 | D:1      | 420 ||| READING 2 scrolls labelled MABBUZAOLY.
   421 | D:1      | 421 ||| DROPPING scroll of poison.
   422 | D:1      | 422 ||| DROPPING scroll of butterflies.
   427 | D:1      | 427 ||| INVOKING Spit Poison.
   535 | D:1      | 535 ||| INVOKING Spit Poison.
   536 | D:1      | Reached XP level 3. HP: 32/32 MP: 3/3
   577 | D:1      | 577 ||| INVOKING Spit Poison.
   693 | D:1      | 693 ||| INVOKING Spit Poison.
   707 | D:1      | 707 ||| INVOKING Spit Poison.
   785 | D:1      | 785 ||| INVOKING Spit Poison.
   866 | D:1      | 866 ||| INVOKING Spit Poison.
   991 | D:1      | 991 ||| INVOKING Spit Poison.
  1001 | D:1      | 1001 ||| INVOKING Spit Poison.
  1003 | D:1      | 1003 ||| READING scroll labelled VISORA FOAFO.
  1004 | D:1      | 1004 ||| READING scroll labelled EBBIUMM QIUGEU.
  1033 | D:2      | 1033 ||| INVOKING Spit Poison.
  1095 | D:2      | 1095 ||| INVOKING Spit Poison.
  1110 | D:2      | 1110 ||| INVOKING Spit Poison.
  1123 | D:2      | 1123 ||| INVOKING Spit Poison.
  1130 | D:2      | 1130 ||| INVOKING Spit Poison.
  1136 | D:2      | Identified the +6 sling of Zotin {freeze, rElec rC+ Int+8
                  | Dex-4}
  1138 | D:2      | 1138 ||| SWAPPING to +6 sling of Zotin {freeze, rElec rC+
                  | Int+8 Dex-4}.
  1199 | D:2      | 1199 ||| INVOKING Spit Poison.
  1282 | D:2      | Found a faded altar of an unknown god.
  1336 | D:2      | Reached skill level 5 in Ranged Weapons
  1336 | D:2      | Reached XP level 4. HP: 39/39 MP: 4/4
  1486 | D:2      | 1486 ||| INVOKING Spit Poison.
  1489 | D:2      | 1489 ||| INVOKING Spit Poison.
  1538 | D:2      | 1538 ||| INVOKING Spit Poison.
  1605 | D:2      | 1605 ||| UPGRADING to amulet of regeneration.
  1610 | D:2      | 1610 ||| UPGRADING to ring of positive energy.
  1611 | D:2      | 1611 ||| READING scroll labelled ROENISSODUR.
  1612 | D:2      | 1612 ||| READING scroll labelled REOPPO ASYKY.
  1612 | D:2      | Identified a scroll of acquirement
  1612 | D:2      | 1612 ||| ACQUIRING +2 barding of stealth
  1612 | D:2      | Acquired a +2 barding of stealth
  1614 | D:2      | 1614 ||| UPGRADING to +2 barding of stealth.
  1619 | D:2      | 1619 ||| READING scroll labelled YWY WUBUERHE.
  1620 | D:2      | 1620 ||| READING scroll labelled ARERAS BYJOLLI.
  1663 | D:3      | 1663 ||| INVOKING Spit Poison.
  1670 | D:3      | 1670 ||| READING scroll of enchant armour.
  1670 | D:3      | 1670 ||| ENCHANTING +1 pair of gloves.
  1680 | D:3      | 1680 ||| INVOKING Spit Poison.
  1687 | D:3      | 1687 ||| INVOKING Spit Poison.
  1718 | D:3      | 1718 ||| INVOKING Spit Poison.
  1781 | D:3      | 1781 ||| INVOKING Spit Poison.
  1821 | D:3      | 1821 ||| INVOKING Spit Poison.
  1825 | D:3      | 1825 ||| INVOKING Spit Poison.
  1826 | D:3      | Reached skill level 1 in Armour
  1830 | D:3      | 1830 ||| INVOKING Spit Poison.
  1973 | D:3      | 1973 ||| INVOKING Spit Poison.
  2113 | D:3      | 2113 ||| UPGRADING to +0 cloak.
  2155 | D:4      | Noticed a scorpion
  2156 | D:4      | 2156 ||| INVOKING Spit Poison.
  2160 | D:4      | Killed a scorpion
  2161 | D:4      | Reached skill level 3 in Fighting
  2161 | D:4      | Reached XP level 5. HP: 49/49 MP: 5/5
  2172 | D:4      | Noticed Grinder
  2181 | D:4      | Killed Grinder
  2182 | D:4      | Reached skill level 6 in Ranged Weapons
  2182 | D:4      | Reached XP level 6. HP: 56/56 MP: 6/6
  2259 | D:4      | 2259 ||| SWAPPING to +0 arbalest.
  2260 | D:4      | 2260 ||| INVOKING Spit Poison.
  2264 | D:4      | 2264 ||| INVOKING Spit Poison.
  2267 | D:4      | 2267 ||| INVOKING Spit Poison.
  2268 | D:4      | 2268 ||| DROPPING +0 shortbow.
  2269 | D:4      | 2269 ||| DROPPING +6 sling of Zotin {freeze, rElec rC+
                  | Int+8 Dex-4}.
  2284 | D:4      | 2284 ||| INVOKING Spit Poison.
  2305 | D:4      | 2305 ||| INVOKING Spit Poison.
  2308 | D:4      | 2308 ||| INVOKING Spit Poison.
  2424 | D:4      | 2424 ||| INVOKING Spit Poison.
  2598 | D:4      | 2598 ||| INVOKING Spit Poison.
  2601 | D:4      | 2601 ||| INVOKING Spit Poison.
  2657 | D:4      | Found a runed translucent door.
  2659 | D:4      | Noticed qw's ghost (amateur GrHu)
  3033 | D:4      | 3033 ||| READING scroll labelled INUTEH BOINWU.
  3034 | D:4      | 3034 ||| READING scroll labelled VET ATZUNOBA.
  3035 | D:4      | 3035 ||| DRINKING 2 grey potions.
  3036 | D:4      | 3036 ||| DRINKING 3 sapphire potions.
  3037 | D:4      | 3037 ||| READING 2 scrolls of identify.
  3037 | D:4      | 3037 ||| IDENTIFYING amethyst potion
  3038 | D:4      | 3038 ||| DROPPING potion of berserk rage.
  3039 | D:4      | 3039 ||| DROPPING potion of brilliance.
  3040 | D:4      | 3040 ||| DROPPING 2 potions of degeneration.
  3069 | D:5      | Entered Level 5 of the Dungeon
  3070 | D:5      | 3070 ||| PLANNING SEWER
  3070 | D:5      | 3070 ||| INVOKING Spit Poison.
  3080 | D:5      | Found a glowing drain.
  3083 | D:5      | 3083 ||| INVOKING Spit Poison.
  3095 | Sewer    | Entered a sewer
  3101 | Sewer    | 3101 ||| INVOKING Spit Poison.
  3104 | Sewer    | 3104 ||| INVOKING Spit Poison.
  3148 | Sewer    | Noticed Pargi
  3150 | Sewer    | 3150 ||| INVOKING Spit Poison.
  3152 | Sewer    | Killed Pargi
  3153 | Sewer    | Reached XP level 7. HP: 64/64 MP: 7/7
  3185 | Sewer    | 3185 ||| UPGRADING to +0 troll leather armour {Pargi}.
  3195 | Sewer    | 3195 ||| DROPPING +0 leather armour.
  3196 | Sewer    | 3196 ||| DRINKING 2 sedimented inky potions.
  3197 | Sewer    | 3197 ||| DRINKING 2 fizzy dark potions.
  3215 | D:5      | 3215 ||| PLANNING D:1-11
  3224 | D:5      | 3224 ||| INVOKING Spit Poison.
  3266 | D:5      | 3266 ||| INVOKING Spit Poison.
  3269 | D:5      | 3269 ||| INVOKING Spit Poison.
  3270 | D:5      | Reached skill level 7 in Ranged Weapons
  3275 | D:5      | 3275 ||| INVOKING Spit Poison.
  3330 | D:5      | Noticed Blork the orc
  3331 | D:5      | 3331 ||| INVOKING Spit Poison.
  3333 | D:5      | Noticed Duvessa
  3334 | D:5      | Killed Blork the orc
  3335 | D:5      | 3335 ||| INVOKING Spit Poison.
  3337 | D:5      | Noticed Dowan
  3339 | D:5      | 3339 ||| INVOKING Spit Poison.
  3344 | D:5      | 3344 ||| INVOKING Spit Poison.
  3345 | D:5      | Killed Duvessa
  3348 | D:5      | 3348 ||| INVOKING Spit Poison.
  3349 | D:5      | Killed Dowan
  3350 | D:5      | Reached XP level 8. HP: 70/72 MP: 8/8
  3352 | D:5      | 3352 ||| INVOKING Spit Poison.
  3356 | D:5      | Found Suolox's Distillery.
  3362 | D:5      | 3362 ||| BUYING 2 potions of curing (84 gold).
  3362 | D:5      | Bought 2 potions of curing for 84 gold pieces
  3362 | D:5      | 3362 ||| BUYING potion of curing (42 gold).
  3362 | D:5      | Bought a potion of curing for 42 gold pieces
  3362 | D:5      | 3362 ||| SHOPLISTING potion of haste (140 gold, have 23).
  3362 | D:5      | 3362 ||| SHOPLISTING potion of resistance (140 gold, have
                  | 23).
  3368 | D:5      | 3368 ||| INVOKING Spit Poison.
  3408 | D:5      | 3408 ||| INVOKING Spit Poison.
  3412 | D:5      | 3412 ||| INVOKING Spit Poison.
  3469 | D:5      | Noticed Menkaure
  3475 | D:5      | Killed Menkaure
  3524 | D:5      | Reached skill level 8 in Ranged Weapons
  3541 | D:5      | 3541 ||| INVOKING Spit Poison.
  3620 | D:5      | 3620 ||| INVOKING Spit Poison.
  3623 | D:5      | 3623 ||| DRINKING 4 potions of curing.
  3623 | D:5      | 3623 ||| (to cure confusion)
  3625 | D:5      | 3625 ||| INVOKING Spit Poison.
  3629 | D:5      | 3629 ||| INVOKING Spit Poison.
  3632 | D:5      | 3632 ||| INVOKING Spit Poison.
  3652 | D:5      | 3652 ||| INVOKING Spit Poison.
  3657 | D:5      | 3657 ||| INVOKING Spit Poison.
  3793 | D:5      | 3793 ||| INVOKING Spit Poison.
  3797 | D:5      | 3797 ||| INVOKING Spit Poison.
  4003 | D:5      | 4003 ||| UPGRADING to ring of resist corrosion.
  4004 | D:5      | 4004 ||| UPGRADING to ring of protection from cold.
  4006 | D:5      | 4006 ||| READING 2 scrolls of identify.
  4006 | D:5      | 4006 ||| IDENTIFYING dark potion
  4007 | D:5      | 4007 ||| DROPPING potion of ambrosia.
  4025 | D:6      | 4025 ||| INVOKING Spit Poison.
  4052 | D:6      | 4052 ||| INVOKING Spit Poison.
  4077 | D:6      | 4077 ||| INVOKING Spit Poison.
  4086 | D:6      | Found a hide-covered altar of Uskayaw.
  4099 | D:6      | 4099 ||| INVOKING Spit Poison.
  4147 | D:6      | Found a staircase to the Ecumenical Temple.
  4148 | D:6      | 4148 ||| PLANNING TEMPLE
  4150 | D:6      | 4150 ||| INVOKING Spit Poison.
  4155 | D:6      | 4155 ||| INVOKING Spit Poison.
  4166 | Temple   | Entered the Ecumenical Temple
  4167 | Temple   | 4167 ||| PLANNING D:1-11
  4184 | D:6      | 4184 ||| INVOKING Spit Poison.
  4188 | D:6      | 4188 ||| INVOKING Spit Poison.
  4234 | D:6      | 4234 ||| INVOKING Spit Poison.
  4248 | D:6      | 4248 ||| INVOKING Spit Poison.
  4249 | D:6      | 4249 ||| INVOKING Spit Poison.
  4263 | D:6      | 4263 ||| INVOKING Spit Poison.
  4312 | D:6      | Reached skill level 9 in Ranged Weapons
  4562 | D:6      | 4562 ||| READING 2 scrolls of identify.
  4562 | D:6      | 4562 ||| IDENTIFYING fuming emerald potion
  4587 | D:7      | 4587 ||| INVOKING Spit Poison.
  4592 | D:7      | 4592 ||| INVOKING Spit Poison.
  4600 | D:7      | 4600 ||| INVOKING Spit Poison.
  4605 | D:7      | Reached XP level 9. HP: 81/81 MP: 9/9
  4770 | D:7      | Reached skill level 3 in Dodging
  4779 | D:7      | 4779 ||| Stepping ~*~*~tactically~*~*~ (outnumbered).
  4781 | D:7      | 4781 ||| Stepping ~*~*~tactically~*~*~ (outnumbered).
  4796 | D:7      | 4796 ||| INVOKING Spit Poison.
  4801 | D:7      | 4801 ||| INVOKING Spit Poison.
  4802 | D:7      | Reached skill level 6 in Fighting
  4809 | D:7      | 4809 ||| INVOKING Spit Poison.
  4813 | D:7      | 4813 ||| INVOKING Spit Poison.
  4816 | D:7      | 4816 ||| INVOKING Spit Poison.
  4821 | D:7      | Noticed a two-headed ogre
  4823 | D:7      | 4823 ||| INVOKING Spit Poison.
  4826 | D:7      | Killed a two-headed ogre
  4827 | D:7      | Reached skill level 10 in Ranged Weapons
  4847 | D:7      | 4847 ||| INVOKING Spit Poison.
  4849 | D:7      | Reached skill level 3 in Armour
  4851 | D:7      | 4851 ||| INVOKING Spit Poison.
  4951 | D:7      | Found a white marble altar of Elyvilon.
  5127 | D:7      | 5127 ||| INVOKING Spit Poison.
  5155 | D:7      | Noticed Pikel
  5157 | D:7      | 5157 ||| INVOKING Spit Poison.
  5161 | D:7      | 5161 ||| INVOKING Spit Poison.
  5165 | D:7      | 5165 ||| INVOKING Spit Poison.
  5168 | D:7      | Killed Pikel
  5169 | D:7      | Reached skill level 11 in Ranged Weapons
  5169 | D:7      | Reached XP level 10. HP: 67/94 MP: 10/10
  5399 | D:7      | 5399 ||| DROPPING +3 ring mail.
  5474 | D:8      | 5474 ||| Stepping ~*~*~tactically~*~*~ (outnumbered).
  5505 | D:8      | 5505 ||| INVOKING Spit Poison.
  5509 | D:8      | 5509 ||| INVOKING Spit Poison.
  5549 | D:8      | Found an opulent altar of Gozag.
  5581 | D:8      | 5581 ||| INVOKING Spit Poison.
  5591 | D:8      | 5591 ||| INVOKING Spit Poison.
  5596 | D:8      | 5596 ||| INVOKING Spit Poison.
  5740 | D:8      | 5740 ||| INVOKING Spit Poison.
  5743 | D:8      | 5743 ||| INVOKING Spit Poison.
  5769 | D:8      | 5769 ||| INVOKING Spit Poison.
  5808 | D:8      | 5808 ||| INVOKING Spit Poison.
  5814 | D:8      | 5814 ||| INVOKING Spit Poison.
  5880 | D:8      | 5880 ||| DRINKING 2 clear potions.
  5924 | D:8      | 5924 ||| READING 2 scrolls of identify.
  5924 | D:8      | 5924 ||| IDENTIFYING blue potion
  5925 | D:8      | 5925 ||| DROPPING potion of enlightenment.
  5926 | D:8      | 5926 ||| DROPPING potion of lignification.
  5984 | D:9      | 5984 ||| INVOKING Spit Poison.
  5990 | D:9      | 5990 ||| INVOKING Spit Poison.
  6036 | D:9      | 6036 ||| INVOKING Spit Poison.
  6041 | D:9      | 6041 ||| INVOKING Spit Poison.
  6047 | D:9      | 6047 ||| INVOKING Spit Poison.
  6077 | D:9      | 6077 ||| INVOKING Spit Poison.
  6080 | D:9      | 6080 ||| Stepping ~*~*~tactically~*~*~ (outnumbered).
  6082 | D:9      | 6082 ||| INVOKING Spit Poison.
  6085 | D:9      | 6085 ||| INVOKING Spit Poison.
  6088 | D:9      | 6088 ||| INVOKING Spit Poison.
  6093 | D:9      | 6093 ||| INVOKING Spit Poison.
  6099 | D:9      | 6099 ||| INVOKING Spit Poison.
  6103 | D:9      | 6103 ||| INVOKING Spit Poison.
  6107 | D:9      | 6107 ||| INVOKING Spit Poison.
  6112 | D:9      | 6112 ||| INVOKING Spit Poison.
  6114 | D:9      | HP: 20/96 [orc warrior/+0 battleaxe (8)]
  6115 | D:9      | 6115 ||| READING 8 scrolls of teleportation.
  6115 | D:9      | HP: 2/96 [orc warrior/+0 battleaxe (11)]
  6116 | D:9      | 6116 ||| DRINKING potion of heal wounds.
  6117 | D:9      | 6117 ||| INVOKING Spit Poison.
  6151 | D:9      | 6151 ||| INVOKING Spit Poison.
  6155 | D:9      | 6155 ||| INVOKING Spit Poison.
  6158 | D:9      | 6158 ||| Stepping ~*~*~tactically~*~*~ (cloud).
  6193 | D:9      | 6193 ||| INVOKING Spit Poison.
  6197 | D:9      | 6197 ||| INVOKING Spit Poison.
  6214 | D:9      | 6214 ||| INVOKING Spit Poison.
  6224 | D:9      | 6224 ||| INVOKING Spit Poison.
  6228 | D:9      | 6228 ||| INVOKING Spit Poison.
  6246 | D:9      | 6246 ||| INVOKING Spit Poison.
  6252 | D:9      | 6252 ||| INVOKING Spit Poison.
  6272 | D:9      | Found a staircase to the Orcish Mines.
  6308 | D:9      | 6308 ||| INVOKING Spit Poison.
  6312 | D:9      | 6312 ||| INVOKING Spit Poison.
  6315 | D:9      | Reached skill level 12 in Ranged Weapons
  6419 | D:9      | Noticed a white ugly thing
  6420 | D:9      | Noticed a centaur warrior
  6421 | D:9      | 6421 ||| READING scroll labelled QUXOIKHEOBU.
  6484 | D:9      | 6484 ||| INVOKING Spit Poison.
  6488 | D:9      | 6488 ||| INVOKING Spit Poison.
  6537 | D:9      | HP: 20/96 [centaur warrior/arrow (10)]
  6538 | D:9      | 6538 ||| READING 7 scrolls of teleportation.
  6538 | D:9      | HP: 8/96 [centaur warrior/arrow (3)]
  6539 | D:9      | Killed a centaur warrior
  6540 | D:9      | Reached XP level 11. HP: 11/103 MP: 11/11
  6562 | D:9      | 6562 ||| INVOKING Spit Poison.
  6822 | D:9      | You fall into a shaft and drop 2 floors!
  6858 | D:11     | 6858 ||| INVOKING Spit Poison.
  6861 | D:11     | 6861 ||| INVOKING Spit Poison.
  6863 | D:11     | Reached skill level 13 in Ranged Weapons
  6877 | D:11     | Noticed an ogre mage
  6880 | D:11     | 6880 ||| INVOKING Spit Poison.
  6884 | D:11     | 6884 ||| INVOKING Spit Poison.
  6885 | D:11     | Killed an ogre mage
  6894 | D:11     | 6894 ||| INVOKING Spit Poison.
  6900 | D:11     | 6900 ||| INVOKING Spit Poison.
  6925 | D:11     | 6925 ||| INVOKING Spit Poison.
  6930 | D:11     | 6930 ||| INVOKING Spit Poison.
  6932 | D:11     | Reached skill level 9 in Fighting
  6941 | D:11     | 6941 ||| READING scroll of enchant armour.
  6941 | D:11     | 6941 ||| ENCHANTING +2 barding of stealth.
  6943 | D:11     | Identified the +5 flail of Zeguckuj {heavy, Dex+2}
  6952 | D:11     | 6952 ||| INVOKING Spit Poison.
  6955 | D:11     | 6955 ||| INVOKING Spit Poison.
  6968 | D:11     | Noticed a manticore
  6969 | D:11     | 6969 ||| INVOKING Spit Poison.
  6974 | D:11     | 6974 ||| INVOKING Spit Poison.
  6978 | D:11     | Killed a manticore
  7008 | D:11     | Noticed a cyclops
  7011 | D:11     | 7011 ||| INVOKING Spit Poison.
  7014 | D:11     | Killed a cyclops
  7058 | D:11     | 7058 ||| INVOKING Spit Poison.
  7064 | D:11     | 7064 ||| INVOKING Spit Poison.
  7069 | D:11     | 7069 ||| INVOKING Spit Poison.
  7074 | D:11     | 7074 ||| INVOKING Spit Poison.
  7077 | D:11     | 7077 ||| INVOKING Spit Poison.
  7082 | D:11     | 7082 ||| INVOKING Spit Poison.
  7085 | D:11     | 7085 ||| INVOKING Spit Poison.
  7156 | D:11     | 7156 ||| INVOKING Spit Poison.
  7160 | D:11     | 7160 ||| INVOKING Spit Poison.
  7163 | D:11     | 7163 ||| DRINKING 2 bubbling golden potions.
  7164 | D:11     | 7164 ||| READING 4 scrolls of identify.
  7164 | D:11     | 7164 ||| IDENTIFYING lumpy silvery potion
  7174 | D:10     | Entered Level 10 of the Dungeon
  7298 | D:10     | 7298 ||| INVOKING Spit Poison.
  7302 | D:10     | 7302 ||| INVOKING Spit Poison.
  7305 | D:10     | 7305 ||| INVOKING Spit Poison.
  7310 | D:10     | 7310 ||| INVOKING Spit Poison.
  7334 | D:10     | 7334 ||| INVOKING Spit Poison.
  7337 | D:10     | 7337 ||| INVOKING Spit Poison.
  7389 | D:10     | 7389 ||| UPGRADING to +1 hat of intelligence.
  7394 | D:10     | 7394 ||| READING scroll labelled GASUDOO XOJIPT.
  7421 | D:10     | 7421 ||| READING scroll labelled DEP WIDABAONEMM.
  7422 | D:10     | 7422 ||| READING 3 scrolls of identify.
  7422 | D:10     | 7422 ||| IDENTIFYING ruby potion
  7441 | D:9      | 7441 ||| INVOKING Spit Poison.
  7515 | D:9      | 7515 ||| INVOKING Spit Poison.
  7520 | D:9      | Killed a white ugly thing
  7679 | D:9      | 7679 ||| INVOKING Spit Poison.
  7697 | D:9      | 7697 ||| INVOKING Spit Poison.
  7699 | D:9      | 7699 ||| Stepping ~*~*~tactically~*~*~ (cloud).
  7710 | D:9      | 7710 ||| INVOKING Spit Poison.
  7715 | D:9      | 7715 ||| INVOKING Spit Poison.
  7729 | D:9      | 7729 ||| INVOKING Spit Poison.
  7733 | D:9      | 7733 ||| INVOKING Spit Poison.
  7735 | D:9      | Reached skill level 14 in Ranged Weapons
  7746 | D:9      | Found a staircase to the Lair.
  7773 | D:9      | 7773 ||| DROPPING +2 leather armour of willpower.
  7905 | D:10     | 7905 ||| INVOKING Spit Poison.
  7910 | D:10     | 7910 ||| INVOKING Spit Poison.
  7932 | D:10     | Found a hazy altar of Hepliaklqana.
  8004 | D:10     | 8004 ||| INVOKING Spit Poison.
  8007 | D:10     | Reached XP level 12. HP: 114/114 MP: 12/12
  8315 | D:10     | Found a glowing silver altar of Zin.
  8315 | D:10     | Found an iron altar of Okawaru.
  8315 | D:10     | Found a burning altar of Makhleb.
  8315 | D:10     | Found a broken altar of Ashenzari.
  8316 | D:10     | 8316 ||| PLANNING OKAWARU WORSHIP
  8320 | D:10     | Became a worshipper of Warmaster Okawaru
  8320 | D:10     | 8320 ||| PLANNING D:1-11
  8325 | D:10     | Found a blossoming altar of Fedhas.
  8330 | D:10     | Found a radiant altar of Vehumet.
  8408 | D:10     | Noticed a two-headed ogre
  8417 | D:10     | Killed a two-headed ogre
  8419 | D:10     | Gained mutation: You are frail. (-10% HP) [a shining eye]
  8421 | D:10     | Gained mutation: You occasionally lose the ability to drink
                  | potions when taking damage. [a shining eye]
  8423 | D:10     | Reached * piety under Okawaru
  8424 | D:10     | 8424 ||| DRINKING potion of mutation.
  8424 | D:10     | Lost mutation: You are frail. (-10% HP) [potion of
                  | mutation]
  8424 | D:10     | Lost mutation: You occasionally lose the ability to drink
                  | potions when taking damage. [potion of mutation]
  8424 | D:10     | Gained mutation: You are dopey. (Int -2) [potion of
                  | mutation]
  8424 | D:10     | Gained mutation: Your tail ends in a venomous barb. [potion
                  | of mutation]
  8454 | D:10     | Reached skill level 1 in Invocations
  8492 | D:10     | Noticed a centaur warrior
  8504 | D:10     | 8504 ||| INVOKING Heroism.
  8510 | D:10     | Killed a centaur warrior
  8567 | D:10     | 8567 ||| INVOKING Heroism.
  8568 | D:10     | 8568 ||| Stepping ~*~*~tactically~*~*~ (outnumbered).
  8582 | D:10     | 8582 ||| Stepping ~*~*~tactically~*~*~ (outnumbered).
  8584 | D:10     | 8584 ||| INVOKING Heroism.
  8585 | D:10     | 8585 ||| Stepping ~*~*~tactically~*~*~ (outnumbered).
  8599 | D:10     | 8599 ||| INVOKING Heroism.
  8600 | D:10     | 8600 ||| Stepping ~*~*~tactically~*~*~ (outnumbered).
  8614 | D:10     | 8614 ||| Stepping ~*~*~tactically~*~*~ (outnumbered).
  8676 | D:10     | Noticed an eight-headed hydra
  8677 | D:10     | 8677 ||| INVOKING Heroism.
  8680 | D:10     | 8680 ||| Stepping ~*~*~tactically~*~*~ (outnumbered).
  8681 | D:10     | Killed an eight-headed hydra
  8684 | D:10     | Identified the ring "Komagum" {rPois Str+2 Int+3}
  8684 | D:10     | Noticed an ogre mage
  8687 | D:10     | Reached skill level 3 in Invocations
  8687 | D:10     | 8687 ||| Stepping ~*~*~tactically~*~*~ (outnumbered).
  8692 | D:10     | Paralysed by an ogre mage for 5 turns
  8697 | D:10     | 8697 ||| INVOKING Heroism.
  8701 | D:10     | Killed an ogre mage
  8714 | D:10     | 8714 ||| INVOKING Heroism.
  8731 | D:10     | Identified the ring of Wamerio {rC- Will+ EV+5 Slay+2}
  8738 | D:10     | Reached ** piety under Okawaru
  8738 | D:10     | Identified the ring of Duagor {rElec rPois rC- AC+4 Int+3}
  8739 | D:10     | Reached skill level 15 in Ranged Weapons
  8776 | D:10     | Identified the ring "Tuasador" {Fly rElec rN+ rCorr Str+6
                  | Dex-4}
  8914 | D:10     | 8914 ||| PLANNING LAIR
  8914 | D:10     | 8914 ||| DROPPING ring of positive energy.
  8915 | D:10     | 8915 ||| DROPPING ring of positive energy.
  8916 | D:10     | 8916 ||| DROPPING ring of ice.
  8917 | D:10     | 8917 ||| UPGRADING to ring of Duagor {rElec rPois rC- AC+4
                  | Int+3}.
  8919 | D:10     | 8919 ||| UPGRADING to ring of Wamerio {rC- Will+ EV+5
                  | Slay+2}.
  8921 | D:10     | 8921 ||| DROPPING ring of resist corrosion.
  8922 | D:10     | 8922 ||| DROPPING ring "Tuasador" {Fly rElec rN+ rCorr
                  | Str+6 Dex-4}.
  9041 | Lair:1   | Entered Level 1 of the Lair of Beasts
  9046 | Lair:1   | 9046 ||| STAIRDANCE
  9123 | Lair:1   | Noticed an eight-headed hydra
  9124 | Lair:1   | 9124 ||| INVOKING Heroism.
  9128 | Lair:1   | Killed an eight-headed hydra
  9129 | Lair:1   | Reached skill level 6 in Dodging
  9190 | Lair:1   | Noticed a boulder beetle
  9191 | Lair:1   | 9191 ||| INVOKING Heroism.
  9201 | Lair:1   | Killed a boulder beetle
  9286 | Lair:1   | Gained mutation: You can use your snake-like lower body to
                  | constrict enemies. [Naga growth]
  9286 | Lair:1   | Reached XP level 13. HP: 123/123 MP: 16/16
  9290 | Lair:1   | Reached *** piety under Okawaru
  9651 | Lair:1   | 9651 ||| INVOKING Heroism.
  9717 | Lair:1   | 9717 ||| INVOKING Heroism.
  9925 | Lair:1   | 9925 ||| READING scroll labelled UCUCUSCH ZEBRUF.
  9970 | Lair:2   | 9970 ||| INVOKING Heroism.
 10013 | Lair:2   | 10013 ||| Stepping ~*~*~tactically~*~*~ (outnumbered).
 10017 | Lair:2   | 10017 ||| Stepping ~*~*~tactically~*~*~ (outnumbered).
 10022 | Lair:2   | Found a staircase to the Swamp.
 10039 | Lair:2   | 10039 ||| INVOKING Heroism.
 10095 | Lair:2   | 10095 ||| INVOKING Heroism.
 10152 | Lair:2   | 10152 ||| INVOKING Heroism.
 10162 | Lair:2   | Reached skill level 16 in Ranged Weapons
 10294 | Lair:2   | 10294 ||| INVOKING Heroism.
 10406 | Lair:2   | 10406 ||| READING scroll of enchant armour.
 10406 | Lair:2   | 10406 ||| ENCHANTING +1 hat of intelligence.
 10426 | Lair:2   | 10426 ||| READING scroll of enchant armour.
 10426 | Lair:2   | 10426 ||| ENCHANTING +3 barding of stealth.
 10682 | Lair:2   | 10682 ||| READING scroll labelled MADIFEUMEA.
 10728 | Lair:3   | Found a hole to the Spider Nest.
 10730 | Lair:3   | 10730 ||| Stepping ~*~*~tactically~*~*~ (outnumbered).
 10742 | Lair:3   | 10742 ||| INVOKING Heroism.
 10851 | Lair:3   | 10851 ||| INVOKING Heroism.
 10861 | Lair:3   | 10861 ||| INVOKING Heroism.
 10899 | Lair:3   | 10899 ||| SWAPPING to +0 longbow.
 10902 | Lair:3   | 10902 ||| DROPPING +1 arbalest of chaos.
 10922 | Lair:3   | 10922 ||| INVOKING Heroism.
 10940 | Lair:3   | 10940 ||| INVOKING Heroism.
 10956 | Lair:3   | HP: 22/127 [death yak (12)]
 10957 | Lair:3   | 10957 ||| READING 9 scrolls of teleportation.
 10957 | Lair:3   | HP: 7/127 [death yak (7)]
 10958 | Lair:3   | 10958 ||| DRINKING potion of heal wounds.
 10962 | Lair:3   | HP: 29/127 [poisoned by a black mamba]
 11059 | Lair:3   | 11059 ||| INVOKING Heroism.
 11205 | Lair:3   | 11205 ||| INVOKING Heroism.
 11290 | Lair:3   | 11290 ||| INVOKING Heroism.
 11603 | Lair:3   | 11603 ||| UPGRADING to +2 helmet.
 11613 | Lair:3   | 11613 ||| DROPPING +2 hat of intelligence.
 11757 | Lair:4   | Found a staircase to the Slime Pits.
 11757 | Lair:4   | Found a viscous altar of Jiyva.
 11793 | Lair:4   | Reached skill level 17 in Ranged Weapons
 11832 | Lair:4   | 11832 ||| READING scroll of enchant armour.
 11832 | Lair:4   | 11832 ||| ENCHANTING +0 cloak.
 11982 | Lair:4   | Reached **** piety under Okawaru
 12036 | Lair:4   | Found a one-way gate to the infinite horrors of the Abyss.
 12036 | Lair:4   | Noticed qw's ghost (journeyman MiHu)
 12071 | Lair:4   | Found a transporter.
 12229 | Lair:4   | Found a transporter.
 12576 | Lair:4   | Reached XP level 14. HP: 135/135 MP: 17/17
 12644 | Lair:5   | Entered Level 5 of the Lair of Beasts
 12645 | Lair:5   | 12645 ||| PLANNING GAUNTLET
 12649 | Lair:5   | 12649 ||| STAIRDANCE
 12661 | Lair:5   | 12661 ||| INVOKING Heroism.
 12673 | Lair:5   | Reached skill level 6 in Armour
 12682 | Lair:5   | 12682 ||| STAIRDANCE
 12682 | Lair:5   | HP: 33/135 [acid (10)]
 12697 | Lair:4   | 12697 ||| INVOKING Heroism.
 12755 | Lair:5   | 12755 ||| INVOKING Heroism.
 12787 | Lair:5   | 12787 ||| INVOKING Heroism.
 12854 | Lair:5   | 12854 ||| INVOKING Heroism.
 12891 | Lair:5   | 12891 ||| INVOKING Heroism.
 12910 | Lair:5   | Reached skill level 6 in Invocations
 12949 | Lair:5   | 12949 ||| INVOKING Heroism.
 13216 | Lair:5   | 13216 ||| RIP GAUNTLET
 13223 | Lair:5   | 13223 ||| PLANNING LAIR
 13235 | Lair:5   | Reached ***** piety under Okawaru
 13241 | Lair:5   | Identified the +8 glaive of Festooned Valiance {freeze,
                  | *Slow rElec rF++ Will+}
 13352 | Lair:5   | 13352 ||| INVOKING Heroism.
 13353 | Lair:5   | 13353 ||| INVOKING Finesse.
 13609 | Lair:5   | 13609 ||| INVOKING Heroism.
 13610 | Lair:5   | 13610 ||| INVOKING Finesse.
 13662 | Lair:5   | Received a gift from Okawaru
 13838 | Lair:5   | Reached skill level 9 in Invocations
 14015 | Lair:5   | 14015 ||| PLANNING D:1-11
 14015 | Lair:5   | 14015 ||| DROPPING amulet of the acrobat.
 14463 | D:11     | 14463 ||| Stepping ~*~*~tactically~*~*~ (outnumbered).
 14757 | D:11     | 14757 ||| PLANNING D
 14757 | D:11     | 14757 ||| DROPPING ring of wizardry.
 14770 | D:12     | Noticed Psyche
 14774 | D:12     | Killed Psyche
 14878 | D:12     | Reached skill level 18 in Ranged Weapons
 14890 | D:12     | Found a stormy altar of Qazlal.
 14974 | D:12     | Noticed Gastronok
 14999 | D:12     | Killed Gastronok
 15000 | D:12     | Reached XP level 15. HP: 138/141 MP: 22/22
 15170 | D:12     | Noticed Jorgrun
 15171 | D:12     | 15171 ||| INVOKING Heroism.
 15172 | D:12     | 15172 ||| INVOKING Finesse.
 15185 | D:12     | Killed Jorgrun
 15279 | D:12     | 15279 ||| READING scroll of acquirement.
 15279 | D:12     | 15279 ||| ACQUIRING 713 gold pieces
 15279 | D:12     | Acquired 713 gold pieces
 15411 | D:12     | Identified the -1 pair of gloves "Peuqe" {+Inv Regen+
                  | Str-3} (Okawaru gifted it to you on level 12 of the
                  | Dungeon)
 15411 | D:12     | Received a gift from Okawaru
 15537 | D:12     | Found the +8 Vampire's Tooth {megavamp}
 15605 | D:12     | 15605 ||| UPGRADING to -1 pair of gloves "Peuqe" {+Inv
                  | Regen+ Str-3}.
 15615 | D:12     | 15615 ||| DROPPING +2 pair of gloves.
 15901 | D:13     | Reached skill level 12 in Fighting
 16244 | D:14     | 16244 ||| STAIRDANCE
 16301 | D:14     | Noticed Lodul
 16312 | D:14     | Killed Lodul
 16386 | D:14     | Identified the +0 robe "Zoofoh" {Regen+}
 16460 | D:14     | 16460 ||| INVOKING Heroism.
 16586 | D:14     | Found a gate to the Vaults.
 16587 | D:14     | 16587 ||| Stepping ~*~*~tactically~*~*~ (outnumbered).
 16605 | D:14     | 16605 ||| INVOKING Heroism.
 16634 | D:14     | HP: 34/144 [vault guard/+0 dire flail (11)]
 16635 | D:14     | 16635 ||| READING 14 scrolls of teleportation.
 16636 | D:14     | 16636 ||| DRINKING 4 potions of heal wounds.
 16637 | D:14     | 16637 ||| DRINKING 3 potions of heal wounds.
 17038 | D:14     | 17038 ||| INVOKING Heroism.
 17039 | D:14     | 17039 ||| INVOKING Finesse.
 17093 | D:14     | 17093 ||| DROPPING +0 robe "Zoofoh" {Regen+}.
 17121 | D:15     | Entered Level 15 of the Dungeon
 17125 | D:15     | 17125 ||| Stepping ~*~*~tactically~*~*~ (outnumbered).
 17126 | D:15     | 17126 ||| INVOKING Heroism.
 17127 | D:15     | 17127 ||| Stepping ~*~*~tactically~*~*~ (outnumbered).
 17128 | D:15     | 17128 ||| Stepping ~*~*~tactically~*~*~ (outnumbered).
 17134 | D:15     | 17134 ||| DRINKING potion of cancellation.
 17145 | D:15     | HP: 34/144 [fire elemental[a deep elf pyromancer] (8)]
 17146 | D:15     | 17146 ||| READING 13 scrolls of teleportation.
 17147 | D:15     | 17147 ||| DRINKING 2 potions of heal wounds.
 17246 | D:15     | 17246 ||| INVOKING Heroism.
 17270 | D:15     | HP: 29/144 [white ugly thing (19)]
 17271 | D:15     | 17271 ||| READING 12 scrolls of teleportation.
 17272 | D:15     | 17272 ||| DRINKING potion of heal wounds.
 17296 | D:15     | 17296 ||| INVOKING Heroism.
 17314 | D:15     | HP: 28/144 [freezing wraith[a boggart] (33)]
 17314 | D:15     | HP: 12/144 [skeletal warrior/+0 short sword[a boggart]
                  | (16)]
 17315 | D:15     | 17315 ||| READING 11 scrolls of teleportation.
 17315 | D:15     | HP: 4/144 [skeletal warrior/+0 short sword[a boggart] (2)]
 17461 | D:15     | 17461 ||| INVOKING Heroism.
 17529 | D:15     | 17529 ||| INVOKING Heroism.
 17602 | D:15     | 17602 ||| INVOKING Heroism.
 17610 | D:15     | Reached skill level 19 in Ranged Weapons
 17651 | D:15     | Found a staircase to the Depths.
 17706 | D:15     | 17706 ||| INVOKING Heroism.
 17707 | D:15     | 17707 ||| Stepping ~*~*~tactically~*~*~ (cloud).
 17708 | D:15     | 17708 ||| Stepping ~*~*~tactically~*~*~ (cloud).
 17715 | D:15     | 17715 ||| Stepping ~*~*~tactically~*~*~ (cloud).
 17731 | D:15     | 17731 ||| INVOKING Heroism.
 17739 | D:15     | HP: 35/144 [centaur warrior simulacrum[a boggart] (18)]
 17740 | D:15     | 17740 ||| READING 10 scrolls of teleportation.
 17740 | D:15     | HP: 9/144 [red ugly thing[a boggart] (20)]
 17740 | D:15     | HP: 2/144 [skeletal warrior/+0 glaive[a boggart] (7)]
 17742 | D:15     | Mangled by a skeletal warrior

Levels and vault maps discovered:
D:1:      minmay_arrival_plants_in_alcoves, layout_basic,
          serial_co_window_serial, co_window_paths_a,
          co_window_of_opportunity_a, co_window_corner_a,
          co_window_of_opportunity_a, co_window_corner_a, co_window_paths_b,
          co_window_paths_b, co_window_paths_b, co_window_paths_a,
          co_window_cross_3, co_window_broadway_a, co_window_corner_cb
D:2:      layout_loops_ring, hellmonk_ecumenical_altar_crossroads
D:3:      layout_rooms, kennysheep_nub, serial_bayou_lagoon_b
D:4:      layout_loops_corners, gammafunk_ghost_grave, uniq_grinder
D:5:      layout_basic, serial_shops, shop, portal_sewer_entry_a,
          uniq_blork_the_orc, uniq_duvessa, uniq_menkaure
D:6:      layout_loops_cross, nicolae_uskayaw_murder_on_the_dancefloor,
          temple_fountains
D:7:      layout_basic, mainiacjoe_overflow_cross_hatched,
          kennysheep_generic_room_10, uniq_pikel
D:8:      layout_gridville, grunt_gozag_breadcrumbs
D:9:      layout_gridville, erik_lair_dragon, erik_orc_4, chequers_arboretum,
          grunt_tough_drop
D:10:     minmay_the_grid_triangle_9x9_rhombus_full
          [minmay_the_grid_triangle_9x9_steps,
          minmay_the_grid_triangle_9x9_skeleton,
          minmay_the_grid_triangle_9x9_intruding_spiral,
          minmay_the_grid_triangle_9x9_minimal,
          minmay_the_grid_triangle_9x9_warning,
          minmay_the_grid_triangle_9x9_checkered,
          minmay_the_grid_triangle_9x9_empty,
          minmay_the_grid_triangle_9x9_prize_special], layout_stronghold,
          kennysheep_little_box, minmay_overflow_temple_hex
D:11:     minmay_curly_fans, layout_basic
D:12:     layout_gridville, hellmonk_bongcloud_opening, grunt_qazlal_sundering,
          uniq_psyche, uniq_jorgrun, uniq_gastronok
D:13:     layout_basic
D:14:     layout_roguey, lightli_vaults_fourway_checkpoint, hex_intersection,
          uniq_lodul
D:15:     hangedman_depths_entry_try_elsewhere_first, layout_basic,
          corexii_leaking_fountain, st_stairs_11
Temple:   nicolae_temple_no_exploring_needed
Lair:1:   layout_hall_layers, cheibrodos_lair_lostbears
Lair:2:   layout_gridlike, minmay_swamp_entry_eels, infiniplex_staircase_pool,
          serial_bayou_shore_b
Lair:3:   layout_chaotic_city, hellmonk_spider_entry_life_and_decay
Lair:4:   layout_cave_pods, slime_entry_1, gammafunk_ghost_abyssal_escape,
          lemuel_fruit_fields
Lair:5:   minmay_lair_end_frog_pond, layout_small_grid, gauntlet_entry_generic

Skill      XL: |  1  2  3  4  5  6  7  8  9 10 11 12 13 14 15 |
---------------+----------------------------------------------+-----
Ranged Weapons | 4 5 6 7 9 11 12 14 15 17 18 19 | 19.0
Armour         | 1 2 3 4 5 6 |  6.7
Fighting       | 3 4 5 7 8 9 10 11 12 | 12.0
Dodging        | 2 3 4 5 6 7 8 |  8.0
Invocations    | 4 9 10 | 10.0
Stealth        | |  1.5

Action                     |  1- 3 |  4- 6 |  7- 9 | 10-12 | 13-15 || total
---------------------------+-------+-------+-------+-------+-------++-------
   Fire: Shortbow          |    52 |       |       |       |       ||    52
         Sling             |    11 |    43 |       |       |       ||    54
         Arbalest          |       |    31 |   192 |   475 |   188 ||   886
         Longbow           |       |       |       |       |  1321 ||  1321
 Invoke: Heroism           |       |       |       |     9 |    36 ||    45
         Finesse           |       |       |       |       |     4 ||     4
Ability: Spit Poison       |    26 |    27 |    48 |    78 |       ||   179
    Use: Scroll            |     3 |     8 |     2 |     9 |    12 ||    34
         Potion            |       |     2 |     3 |     4 |     6 ||    15
 Armour: Leather armour    |     6 |    18 |       |       |       ||    24
         Troll leather arm |       |       |    82 |   259 |   637 ||   978
  Dodge: Dodged            |     7 |    12 |    59 |   209 |  1131 ||  1418

Table legend:
 A = Non-vault XP
 B = Vault XP
 C = Vault XP percentage of total XP
 D = Non-vault monster count
 E = Vault monster count
 F = Vault count percentage of total count
                 A         B        C        D         E       F
            +---------+---------+-------+---------+---------+-------
      Total |   78420 |   46636 |  37.3 |     420 |     141 |  25.1
            +---------+---------+-------+---------+---------+-------
        D:1 |      49 |       0 |   0.0 |      28 |       0 |   0.0
        D:2 |      46 |       0 |   0.0 |      17 |       0 |   0.0
        D:3 |      48 |       0 |   0.0 |      16 |       0 |   0.0
        D:4 |     152 |     262 |  63.3 |      15 |       1 |   6.2
        D:5 |     741 |     489 |  39.8 |      21 |       9 |  30.0
        D:6 |     393 |       0 |   0.0 |      15 |       0 |   0.0
        D:7 |    2212 |     773 |  25.9 |      24 |       2 |   7.7
        D:8 |    1317 |       0 |   0.0 |      18 |       0 |   0.0
        D:9 |    1987 |    4177 |  67.8 |      27 |      25 |  48.1
       D:10 |    1482 |    9261 |  86.2 |      12 |      23 |  65.7
       D:11 |    4288 |    1051 |  19.7 |      22 |       3 |  12.0
       D:12 |    5697 |    3750 |  39.7 |      21 |       3 |  12.5
       D:13 |    3811 |       0 |   0.0 |      15 |       0 |   0.0
       D:14 |    5351 |    8642 |  61.8 |       9 |      21 |  70.0
       D:15 |    9057 |    5129 |  36.2 |      22 |       7 |  24.1
     Lair:1 |    6554 |     589 |   8.2 |      20 |       2 |   9.1
     Lair:2 |    3250 |     159 |   4.7 |      18 |       3 |  14.3
     Lair:3 |    8706 |     683 |   7.3 |      22 |       3 |  12.0
     Lair:4 |    7078 |     753 |   9.6 |      31 |       1 |   3.1
     Lair:5 |   16201 |   10778 |  39.9 |      47 |      36 |  43.4
      Sewer |       0 |     140 | 100.0 |       0 |       2 | 100.0
            +---------+---------+-------+---------+---------+-------
